 Dungeon Crawl Stone Soup version 0.32-a0-872-g59262bdc9b (webtiles) character file.

Game seed: 2864154345762220594

553 Biggs the Shooter (level 7, -13/50 HPs)
             Began as a Coglin Hunter on Mar 30, 2024.
             Killed by divine providence
             ... invoked by an orc priest
              (14 damage)
             ... on level 5 of the Dungeon.
             The game lasted 00:04:29 (3202 turns).

Biggs the Shooter (Coglin Hunter)                   Turns: 3202, Time: 00:04:29

Health: -13/50     AC:  4    Str: 11    XL:     7   Next: 29%
Magic:  7/7        EV: 11    Int:  8    God:
Gold:   218        SH:  0    Dex: 20    Spells: 6/6 levels left

rFire   . . .        a - +2 sling {Jakob}
rCold   . . .        d - +0 sling {Armando}
rNeg    . . .        c - +0 leather armour
rPois   .            (no helmet)
rElec   .            (no cloak)
rCorr   .            k - +0 pair of gloves
SInv    .            (no boots)
Will    .....        (amulet unavailable)
Stlth   ++           (ring unavailable)
HPRegen 0.28/turn    (ring unavailable)
MPRegen 0.10/turn    (no gizmo)

%: no passive effects
@: revved
A: off-hand wielding, slow wielding, warmup strikes, no jewellery
a: Invent Gizmo, Convert to Beogh


You were on level 5 of the Dungeon.
You visited 1 branch of the dungeon, and saw 5 of its levels.

You collected 218 gold pieces.

Inventory:

Hand Weapons
 a - a +2 sling (weapon) {Jakob}
 d - a +0 sling (offhand) {Armando}
Armour
 c - a +0 leather armour (worn)
 k - a +0 pair of gloves (worn)
Wands
 b - a wand of paralysis (7)
Scrolls
 e - 2 scrolls of immolation
 f - 5 scrolls of identify
 l - a scroll of enchant weapon
Potions
 g - a potion of brilliance {unknown}
 h - 2 potions of berserk rage {unknown}
 i - 3 potions of degeneration {unknown}
 j - 2 potions of enlightenment {unknown}
 m - a potion of ambrosia {unknown}


   Skills:
 - Level 2.0 Fighting
 - Level 7.8 Ranged Weapons
 + Level 1.8 Dodging
 - Level 0.7 Stealth


You had 6 spell levels left.
You didn't know any spells.
Your spell library contained the following spells:

 Spells                   Type           Power      Damage    Failure   Level
 Apportation              Tloc           0%         N/A       50%         1
 Necrotise                Necr           0%         1d4       50%         1
 Sting                    Conj/Alch      0%         1d3       50%         1
 Summon Small Mammal      Summ           0%         N/A       50%         1
 Ensorcelled Hibernation  Hex/Ice        0%         N/A       65%         2
 Fugue of the Fallen      Necr           0%         N/A       86%         3
 Passwall                 Erth           0%         N/A       86%         3
 Swiftness                Air            0%         N/A       86%         3
 Anguish                  Hex/Necr       0%         N/A       99%         4


Dungeon Overview and Level Annotations

Branches:
Dungeon (5/15)
 Temple: D:4-7

Altars:
Elyvilon
Gozag

Annotations:
D:3 Ijyb


Innate Abilities, Weirdness & Mutations

You can wield a second weapon in your off-hand.
It takes a long time for you to wield or remove held weapons.
Your first few attacks do less damage.
You cannot equip rings or amulets.


Message History

The sling bullet hits the orc.
The orc is severely wounded.
You shoot a sling bullet. The sling bullet barely misses the orc.
The sling bullet completely misses the orc priest.
The orc priest looks encouraged for a moment.
Unknown command.
Fire: a) +2 sling {Jakob}
Press: ? - help, Q - select action, (/) - cycle Shift-Dir - straight line, f/p - orc priest
Aim: an orc priest, wielding a +0 hand axe and wearing a +0 leather armour (moderately wounded, 66% to hit)
You shoot a sling bullet. The sling bullet hits the orc!
You kill the orc!
You shoot a sling bullet. The sling bullet hits the orc.
The orc is severely wounded.
Fire: a) +2 sling {Jakob}
Press: ? - help, Q - select action, (/) - cycle Shift-Dir - straight line, f/p - orc priest
Aim: an orc priest, wielding a +0 hand axe and wearing a +0 leather armour (moderately wounded, 66% to hit)
You shoot a sling bullet. The sling bullet hits the orc!
You kill the orc!
You shoot a sling bullet. The sling bullet hits the orc priest.
The orc priest is moderately wounded.
The orc priest shouts, "Surrender to Beogh and we'll let you live!"
The orc priest shouts, "Beogh offers mercy even to people such as you.
Join us and be reborn!"
Fire: a) +2 sling {Jakob}
Press: ? - help, Q - select action, (/) - cycle Shift-Dir - straight line, f/p - orc priest
Aim: an orc priest, wielding a +0 hand axe and wearing a +0 leather armour (moderately wounded, 66% to hit)
You shoot a sling bullet.
The orc priest shouts, "Beogh offers mercy even to people such as you.
Join us and be reborn!"
The sling bullet hits the orc priest.
The orc priest threatens, "Beogh's wrath is as vast as their mercy.
Make your choice!"
The orc priest is heavily wounded.
You shoot a sling bullet. The sling bullet hits the orc priest.
The orc priest is almost dead.
The orc priest shouts, "Surrender to Beogh and we'll let you live!"
The orc priest mumbles some strange prayers to Beogh against you.
Beogh smites you!
* * * LOW HITPOINT WARNING * * *
The orc priest calls down the wrath of Beogh upon you.
Beogh smites you!
You die...

..... ..... ...# .##### ....
.....# ..... .##..# #..o. #...#
#.)). ....#### #...### .......#
#....# ...#...### #@#####
........<# #..#..#
.....#....######..#.##
#.....#####.#.#...#..#
##......#.....#...#..##
#......)..#..#...###.# ..
##..)........#...#...## ....
##..............##....######....
##......######...................


You could see an orc priest.

Vanquished Creatures
  An ogre (D:5)
  A phantom (D:5)
  2 scorpions
  2 orc priests
  2 bombardier beetles
  A sleepcap (D:4)
  4 adders (D:4)
  A ribbon worm (D:2)
  11 orcs
  3 bats
  8 endoplasms
  5 goblins
  10 hobgoblins
  2 jackals (D:3)
  5 quokkas
  11 ball pythons
  2 frilled lizards (D:2)
  5 kobolds
  7 rats
83 creatures vanquished.

Notes
Turn   | Place    | Note
-------+----------+-------------------------------------------
     0 | D:1      | Biggs the Coglin Hunter began the quest for the Orb.
     0 | D:1      | Reached XP level 1. HP: 16/16 MP: 1/1
    76 | D:1      | Reached skill level 4 in Ranged Weapons
    76 | D:1      | Reached XP level 2. HP: 22/22 MP: 2/2
   328 | D:1      | Reached XP level 3. HP: 27/27 MP: 3/3
  1494 | D:3      | Found an opulent altar of Gozag.
  1542 | D:3      | Reached skill level 5 in Ranged Weapons
  1542 | D:3      | Reached XP level 4. HP: 24/33 MP: 4/4
  1873 | D:3      | Found a faded altar of an unknown god.
  2053 | D:3      | Found a white marble altar of Elyvilon.
  2139 | D:3      | Noticed Ijyb
  2224 | D:4      | Reached XP level 5. HP: 30/38 MP: 5/5
  2406 | D:4      | Reached skill level 6 in Ranged Weapons
  2494 | D:4      | Reached XP level 6. HP: 37/44 MP: 6/6
  2731 | D:5      | Entered Level 5 of the Dungeon
  2740 | D:5      | Reached skill level 7 in Ranged Weapons
  3059 | D:5      | Reached XP level 7. HP: 30/50 MP: 7/7
  3202 | D:5      | HP: 1/50 [orc priest/divine providence (13)]
  3202 | D:5      | Killed from afar by an orc priest

Illustrated notes

Levels and vault maps discovered:
D:1:      onia_arrival_handbag, layout_basic, minmay_split_cup_large
D:2:      layout_loops_ring, minmay_parallelograms, serial_bayou_ford_a
D:3:      layout_basic, marbit_many_paths,
          nicolae_gozag_cash_rules_everything_around_me,
          chequers_ecumenical_altar_twisty, uniq_crazy_yiuf_cottage, uniq_ijyb
D:4:      layout_rooms
D:5:      layout_layer_cave, nicolae_tso_carved_into_rock

Skill      XL: |  1  2  3  4  5  6 |
---------------+-------------------+-----
Ranged Weapons | 4 5 6 7 |  7.8
Fighting       | |  2.0
Dodging        | |  1.8
Stealth        | |  0.7

Action                     |  1- 3 |  4- 6 |  7- 9 || total
---------------------------+-------+-------+-------++-------
   Fire: Sling             |   168 |   198 |    28 ||   394
    Use: Scroll            |       |     3 |       ||     3
 Armour: Leather armour    |     6 |    27 |       ||    33
  Dodge: Dodged            |     2 |    16 |       ||    18

Table legend: (Time is in decaauts)
 A = Elapsed time spent in this place.
 B = Non-inter-level travel time spent in this place.
 C = Inter-level travel time spent in this place.
 D = Time resting spent in this place.
 E = Time spent auto-exploring this place.
 F = Levels seen in this place.
 G = Mean time per level.
                   A        B        C        D        E       F      G
               +--------+--------+--------+--------+--------+-----+--------+
         Total |   3238 |   3188 |     50 |     39 |   2724 |   5 |  647.6 |
       Dungeon |   3238 |   3188 |     50 |     39 |   2724 |   5 |  647.6 |
               +--------+--------+--------+--------+--------+-----+--------+

Top non-repeatable levels by time:
     D:1: 835 daAuts
     D:3: 781 daAuts
     D:2: 631 daAuts
     D:4: 515 daAuts
     D:5: 474 daAuts
